 Dungeon Crawl Stone Soup version 0.14-a0-3315-g09e681a (webtiles) character file.

4018 Psiweapon the Reanimator (level 10, 18/75 HPs)
             Began as a Deep Dwarf Necromancer on Mar 15, 2014.
             Was a Believer of Makhleb.
             Quit the game on Level 8 of the Dungeon.
             The game lasted 01:05:32 (8869 turns).

Psiweapon the Reanimator (Deep Dwarf Necromancer)   Turns: 8869, Time: 01:05:32

HP  18/75        AC  6     Str 13      XL: 10   Next:  1%
MP  12/23        EV  9     Int 18      God: Makhleb [**....]
Gold 110         SH  0     Dex 13      Spells:  4 memorised, 11 levels left

rFire  . . .     SeeInvis +     L - +1,+2 whip (elec)
rCold  + . .     Clarity  +     v - +1 ring mail {rC+}
rNeg   . . .     Conserve .     (no shield)
rPois  .         rCorr    .     (no helmet)
rElec  .         rRot     .     (no cloak)
SustAb . .       Spirit   .     (no gloves)
rMut   .         Warding  .     (no boots)
Saprov . . .     Stasis   .     T - amulet of clarity
MR     +....                    E - ring of see invisible
                                t - ring of sustenance

@: non-regenerating, somewhat resistant to hostile enchantments, unstealthy
A: damage resistance, recharge devices, sense surroundings 2, slow healing 3
a: Device Recharging, Minor Destruction, Renounce Religion


You were on level 8 of the Dungeon.
You worshipped Makhleb.
Makhleb was pleased with you.
You were not hungry.

You visited 2 branches of the dungeon, and saw 9 of its levels.

You collected 309 gold pieces.
You spent 199 gold pieces at shops.

Inventory:

Hand weapons
 r - a +0,+0 flail of protection
 x - a +1,+2 short sword of speed
 J - a +2,+2 flail of crushing
 L - a +1,+2 whip of electrocution (weapon)
 M - a +0,+2 dagger of holy wrath
 Y - a +1,+0 short sword of venom
Missiles
 p - 22 bolts
 C - 4 tomahawks of returning (quivered)
 P - 25 exploding darts
 Q - 8 poisoned darts
Armour
 v - a +1 ring mail of cold resistance (worn)
Magical devices
 a - a wand of magic darts (10)
 c - a wand of heal wounds (3)
 s - a wand of frost (0)
Comestibles
 d - 4 bread rations
 f - 3 chunks of orc flesh
 k - 2 chunks of ogre flesh
 y - 3 rotting chunks of centaur flesh
 F - 2 meat rations
 G - 18 grapes
 N - a sausage
Scrolls
 n - 2 scrolls of noise
 o - 2 scrolls of enchant armour {unknown}
 q - 3 scrolls of immolation {unknown}
 u - 2 scrolls of amnesia {unknown}
 w - a scroll of enchant weapon II {unknown}
 z - a scroll of recharging
 H - a scroll of random uselessness {unknown}
 K - a scroll of teleportation
 O - 2 scrolls of enchant weapon I
 W - 3 scrolls of remove curse
Jewellery
 m - an uncursed ring of regeneration {unknown}
 t - a ring of sustenance (left hand)
 D - an uncursed amulet of rage
 E - a ring of see invisible (right hand)
 I - a +2 ring of strength
 T - an amulet of clarity (around neck)
Potions
 e - 6 potions of curing
 g - a potion of poison {unknown}
 i - a potion of heal wounds
 j - a potion of haste {unknown}
 A - a potion of magic
 B - 2 potions of flight
 U - a potion of might
 V - a potion of cure mutation
 X - 2 potions of brilliance
 Z - a potion of restore abilities
Books
 b - a book of Necromancy

   Spells                             Type                      Level
   *Pain                              Necromancy                   1
   *Animate Skeleton                  Necromancy                   1
   Lethal Infusion                    Charms/Necromancy            2
   *Vampiric Draining                 Necromancy                   3
   Regeneration                       Charms/Necromancy            3
   Animate Dead                       Necromancy                   4
   *Control Undead                    Necromancy                   4
 h - a book of the Earth

   Spells                             Type                      Level
   Leda's Liquefaction                Hexes/Earth                  4
   Bolt of Magma                      Conjuration/Fire/Earth       5
   Statue Form                        Transmutation/Earth          6
   Iron Shot                          Conjuration/Earth            6
   Shatter                            Earth                        9
 R - a book of War Chants

   Spells                             Type                      Level
   Fire Brand                         Charms/Fire                  2
   Freezing Aura                      Charms/Ice                   2
   Shroud of Golubria                 Charms/Translocation         2
   Repel Missiles                     Charms/Air                   2
   Poison Weapon                      Charms/Poison                3
   Regeneration                       Charms/Necromancy            3
 S - a book of Envenomations

   Spells                             Type                      Level
   Spider Form                        Transmutation/Poison         3
   Poison Weapon                      Charms/Poison                3
   Alistair's Intoxication            Transmutation/Poison         4
   Olgreb's Toxic Radiance            Poison                       4
   Poisonous Cloud                    Conjuration/Poison/Air       6


   Skills:
   Level 2.1 Axes
 + Level 9.4 Maces & Flails
 - Level 2.2 Dodging
 - Level 2.4 Stealth
 + Level 5.6 Spellcasting
 - Level 10.0 Necromancy
 + Level 3.5 Invocations


You had 11 spell levels left.
You knew the following spells:

 Your Spells              Type           Power        Failure   Level  Hunger
a - Pain                  Necr           ####         1%          1    None
b - Animate Skeleton      Necr           N/A          1%          1    None
c - Vampiric Draining     Necr           #####.....   1%          3    ##.....
d - Control Undead        Necr           #####.....   3%          4    ####...


Dungeon Overview and Level Annotations

Branches:
Dungeon (8/15)             Temple (1/1) D:5
   Lair: D:8-11

Altars:
Ashenzari
Cheibriados
Dithmenos
Elyvilon
Fedhas
Kikubaaqudgha
Makhleb
Nemelex Xobeh
Okawaru
Sif Muna
Trog
Vehumet
Xom
Yredelemnul
The Shining One

Shops:
D:6 *   D:7 *=*}   D:8 [*(


Innate Abilities, Weirdness & Mutations

You are resistant to damage.
You can recharge devices by infusing magical energy.
You passively map the area around you.
You do not heal naturally.


Message History

Your ogre skeleton resists.
The white ugly thing gores your ogre skeleton!
Your ogre skeleton is destroyed!
Your orc skeleton closely misses the white ugly thing.
Your orc skeleton hits the white ugly thing but does no damage.
The white ugly thing claws you but does no damage.
You hit the white ugly thing.
The white ugly thing is almost dead.
The white ugly thing basks in the mutagenic energy from its kin and changes!
Use which ability? (? or * to list)
Okay, then.
The white ugly thing claws your orc skeleton!
Your orc skeleton is destroyed!
There is an entrance to Ghykhlyu's Antique Weapon Shop here.
The white ugly thing claws you.
* * * LOW HITPOINT WARNING * * *
The white ugly thing freezes you. You resist.
* * * LOW HITPOINT WARNING * * *
One of your 2 potions of heal wounds freezes and shatters!
Are you sure you want to abandon this character and quit the game? (Confirm with "yes".)

....%.......)...........#
........................#
......................).#
........................#
........................#
........................#
........................#
........................#
##############..@u......#
#...u......# #..uu.)....#
#..u.......# *
#..........# ≈ ≈
#..........# ≈
#..........# ≈ ≈
#..........# ≈ ≈
#..........#


You could see 5 ugly things.

Vanquished Creatures
  Pikel (D:6)
  Joseph (D:6)
  A feature mimic (D:7)
  A hill giant zombie (D:8)
  Edmund (D:5)
  8 ogres
  2 phantoms
  A slave (D:7)
  2 sky beasts (D:6)
  2 orc warriors
  A centaur (D:8)
  An electric eel (D:8)
  3 wights (D:7)
  2 crimson imps (D:5)
  An elf zombie (D:7)
  3 hounds
  A gnoll shaman (D:7)
  4 orc wizards
  4 iguanas
  4 worker ants
  An ogre zombie (D:6)
  Ijyb (D:2)
  A sky beast zombie (D:5)
  A big kobold zombie (D:7)
  Terence (D:2)
  5 gnolls
  A worker ant zombie (D:6)
  5 adders
  A worm zombie (D:6)
  A worm (D:8)
  An iguana zombie (D:8)
  An orc skeleton (D:6)
  2 giant geckos
  2 oozes
  20 orcs
  3 bat skeletons (D:4)
  7 giant cockroaches
  15 hobgoblins
  14 jackals
  3 quokkas
  14 bats
  A giant gecko zombie (D:7)
  5 giant newts
  20 goblins
  2 hobgoblin skeletons
  2 hobgoblin zombies
  13 kobolds
  11 rats
  A rat zombie (D:5)
199 creatures vanquished.

Vanquished Creatures (collateral kills)
  An ice beast (D:7)
  An ogre (D:8)
  3 scorpions
  A killer bee (D:8)
  A wight (D:7)
  A goliath beetle (D:6)
  An iguana (D:4)
  2 worker ants
  A gnoll (D:6)
  A shadow imp (D:8)
  An orc skeleton (D:7)
  3 orcs (D:4)
  3 goblins
  3 hobgoblins
  5 jackals
  2 kobolds
  4 bats
  2 giant newts
  3 rats
39 creatures vanquished.

Vanquished Creatures (others)
  Blork the orc (D:7)
  A scorpion (D:6)
  A centaur skeleton (D:8)
  3 ogre skeletons
  An adder skeleton (D:8)
  2 goblin skeletons
  3 bat skeletons
  A gnoll skeleton (D:7)
  A giant newt skeleton (D:3)
  5 hobgoblin skeletons
  4 jackal skeletons
  2 kobold skeletons
  6 orc skeletons
  A quokka skeleton (D:2)
  A rat skeleton (D:1)
33 creatures vanquished.

Grand Total: 271 creatures vanquished

Notes
Turn   | Place    | Note
--------------------------------------------------------------
     0 | D:1      | Psiweapon, the Deep Dwarf Necromancer, began the quest for the Orb.
     0 | D:1      | Reached XP level 1. HP: 15/15 MP: 2/2
   305 | D:1      | Reached XP level 2. HP: 14/22 MP: 0/3
   351 | D:1      | Learned a level 1 spell: Animate Skeleton
   389 | D:1      | Reached skill level 5 in Necromancy
  1054 | D:1      | Reached XP level 3. HP: 10/28 MP: 0/5
  1278 | D:2      | Learned a level 3 spell: Vampiric Draining
  1473 | D:2      | Noticed Ijyb
  1516 | D:2      | Killed Ijyb
  1681 | D:2      | Noticed Terence
  1719 | D:2      | Your ally Ijyb died
  1721 | D:2      | Killed Terence
  1721 | D:2      | Reached skill level 6 in Necromancy
  1721 | D:2      | Reached XP level 4. HP: 32/36 MP: 2/6
  1868 | D:2      | Found a bloodstained altar of Trog.
  3010 | D:4      | Reached skill level 1 in Axes
  3013 | D:4      | Found an ancient bone altar of Kikubaaqudgha.
  3042 | D:5      | Entered Level 5 of the Dungeon
  3046 | D:5      | Reached XP level 5. HP: 33/42 MP: 7/7
  3283 | D:4      | Reached skill level 7 in Necromancy
  3534 | D:4      | Reached skill level 1 in Maces & Flails
  3773 | D:4      | Noticed a phantom
  3786 | D:4      | Killed a phantom
  3786 | D:4      | Reached XP level 6. HP: 36/49 MP: 9/9
  4044 | D:4      | Got a pitted leather armour
  4045 | D:4      | Identified the cursed -4 leather armour "Qoibuusu" {+Inv} (You took it off an orc on level 4 of the Dungeon)
  4068 | D:4      | Noticed an ogre
  4077 | D:4      | Killed an ogre
  4260 | D:4      | Reached skill level 8 in Necromancy
  4260 | D:4      | Reached XP level 7. HP: 34/55 MP: 2/10
  4934 | D:5      | Found a snail-covered altar of Cheibriados.
  4985 | D:5      | Found a staircase to the Ecumenical Temple.
  4991 | Temple   | Entered the Ecumenical Temple
  5044 | Temple   | Became a worshipper of Makhleb the Destroyer
  5162 | D:5      | Noticed Edmund
  5185 | D:5      | Killed Edmund
  5822 | D:6      | Reached skill level 5 in Maces & Flails
  5880 | D:6      | Found a snail-covered altar of Cheibriados.
  5980 | D:6      | Reached skill level 9 in Necromancy
  5991 | D:6      | Reached XP level 8. HP: 49/62 MP: 7/12
  6070 | D:6      | Found Acial's General Store.
  6084 | D:6      | Bought a scroll of identify for 26 gold pieces
  6084 | D:6      | Bought a scroll of remove curse for 39 gold pieces
  6474 | D:6      | Acquired Makhleb's first power
  6849 | D:6      | Reached skill level 10 in Necromancy
  7191 | D:7      | Found a shimmering altar of Xom.
  7191 | D:7      | Found Miucwab's Jewellery Shoppe.
  7199 | D:6      | Learned a level 4 spell: Control Undead
  7205 | D:7      | Found Yfab's General Store.
  7275 | D:7      | Found Pemo Be Sic's Gadget Emporium.
  7383 | D:7      | Found Qaocaibo's General Store.
  7392 | D:7      | Bought a potion of degeneration for 32 gold pieces
  7397 | D:7      | Noticed Blork the orc
  7401 | D:7      | Noticed Pikel
  7482 | D:6      | Killed Pikel
  7482 | D:6      | Gained mutation: You passively map the area around you. [level up]
  7482 | D:6      | Reached XP level 9. HP: 61/68 MP: 1/18
  7591 | D:7      | Killed Blork the orc
  7629 | D:7      | Noticed Joseph
  7824 | D:6      | Killed Joseph
  7955 | D:7      | Found Skash's General Store.
  7980 | D:7      | Bought a scroll of noise for 12 gold pieces
  7980 | D:7      | Bought 17 exploding darts for 40 gold pieces
  8035 | D:7      | Reached skill level 5 in Spellcasting
  8052 | D:7      | Acquired Makhleb's second power
  8197 | D:7      | Reached skill level 1 in Invocations
  8300 | D:7      | Yfab's General Store was a mimic.
  8309 | D:7      | Killed a shop mimic
  8318 | D:7      | Bought a cursed ring of hunger for 20 gold pieces
  8527 | D:8      | Found Ruvyniyf's Assorted Antiques.
  8557 | D:8      | Bought a scroll labeled JOAXEULOSCH for 30 gold pieces
  8561 | D:8      | Found Doladuepn's Armour Shop.
  8812 | D:8      | Reached XP level 10. HP: 49/75 MP: 15/23
  8841 | D:8      | Found Ghykhlyu's Antique Weapon Shop.
  8869 | D:8      | Quit the game

Action                   |  1- 3 |  4- 6 |  7- 9 | 10-12 || total
-------------------------+-------+-------+-------+-------++-------
Melee: Mace              |    41 |    24 |       |       ||    65
       Hand axe          |       |    32 |       |       ||    32
       Whip              |       |    59 |   242 |     3 ||   304
       Flail             |       |     6 |     6 |       ||    12
Throw: Dart              |    14 |     1 |     3 |       ||    18
       Tomahawk          |     3 |    16 |     4 |       ||    23
 Cast: Pain              |    53 |    39 |    83 |     4 ||   179
       Animate Skeleton  |    13 |    35 |    36 |       ||    84
       Vampiric Draining |     3 |    26 |    63 |     3 ||    95
       Control Undead    |       |       |     2 |       ||     2
Evoke: Wand              |     1 |       |    10 |       ||    11
  Use: Scroll            |       |     3 |    12 |       ||    15
 Stab: Distracted        |     1 |     1 |     1 |       ||     3
       Sleeping          |       |     1 |     1 |       ||     2
